 Dungeon Crawl Stone Soup version 0.30-a0-168-g0b976cbdc4 (webtiles) character file.

Game seed: 3008572089646596184

16832 qw the Cleaver (level 12, -5/77 HPs)
             Began as a Gargoyle Fighter on Sept 29, 2022.
             Was a High Priest of Okawaru.
             Slain by a yak (10 damage)
             ... on level 12 of the Dungeon.
             The game lasted 00:04:36 (11199 turns).

qw the Cleaver (Gargoyle Fighter)                  Turns: 11199, Time: 00:04:36

Health: -5/77      AC: 30    Str: 25    XL:     12   Next: 41%
Magic:  18/18      EV:  9    Int:  9    God:    Okawaru [*****.]
Gold:   838        SH:  6    Dex:  9    Spells: 11/11 levels left

rFire   . . .      SeeInvis +    v - +6 war axe
rCold   + . .      Faith    .    c - +0 buckler
rNeg    + . .      Spirit   .    u - +0 plate armour
rPois   inf        Reflect  .    n - +0 helmet
rElec   +          Harm     .    e - +0 cloak
rCorr   .          Rampage  .    (no gloves)
Will    .....                    b - +0 pair of boots
Stlth   ..........               o - amulet of regeneration
HPRegen 1.02/turn                z - ring of see invisible
MPRegen 0.16/turn                y - ring of protection from cold

@: heroic, marked
A: sickness immunity, AC +8, negative energy resistance 1, electricity
resistance, torment resistance 1, petrification resistance
a: Renounce Religion, Heroism, Finesse, Duel


You were on level 12 of the Dungeon.
You worshipped Okawaru.
Okawaru was extremely pleased with you.
You visited 2 branches of the dungeon, and saw 13 of its levels.

You collected 845 gold pieces.
You spent 7 gold pieces at shops.


Innate Abilities, Weirdness & Mutations

You are immune to sickness and miasma.
Your stone body is resilient. (AC +8)
You are immune to poison.
You resist negative energy. (rN+)
You are resistant to electric shocks. (rElec)
You are resistant to unholy torment.
You are immune to petrification.


   Skills:
 - Level 10.0(15.0) Fighting
 + Level 12.2(17.2) Axes
 - Level 1.0(6.0) Throwing
 - Level 9.0(14.0) Armour
 - Level 2.0(7.0) Dodging
 - Level 6.0(11.0) Shields
 + Level 9.2 Invocations


You had 11 spell levels left.
You didn't know any spells.
Your spell library was empty.

Inventory:

Hand Weapons
 t - a +0 morningstar
 v - a +6 war axe (weapon)
Missiles
 f - 6 boomerangs (quivered)
Armour
 b - a +0 pair of boots (worn)
 c - a +0 buckler (worn)
 e - a +0 cloak (worn)
 n - a +0 helmet (worn)
 u - a +0 plate armour (worn)
Jewellery
 a - a ring of fire
 o - an amulet of regeneration (around neck)
 p - a ring of fire
 y - a ring of protection from cold (right hand)
 z - a ring of see invisible (left hand)
 Y - a ring of willpower
Scrolls
 q - 3 scrolls of identify
Potions
 d - 3 potions of might
 g - a potion of magic
 h - 3 potions of lignification
 j - a potion of attraction
 k - 3 potions of curing
 l - 2 potions of resistance
 x - 2 potions of cancellation

Dungeon Overview and Level Annotations

Branches:
Dungeon (12/15)            Temple (1/1) D:7             Orc (0/2) D:10
   Lair: D:8-11

Altars:
Ashenzari
Cheibriados
Dithmenos
Elyvilon
Fedhas
Gozag
Hepliaklqana
Kikubaaqudgha
Makhleb
Nemelex Xobeh
Okawaru
Qazlal
Ru
Sif Muna
Trog
Uskayaw
Vehumet
Wu Jian
Xom
Yredelemnul
Zin
The Shining One

Shops:
D:10 *

Annotations:
D:3 1 runed translucent door, Crazy Yiuf
D:8 3 runed translucent doors, qw's ghost, novice GrFi


Message History

You slice the fire elemental!!
You destroy the fire elemental!
The fire elemental disappears in a puff of smoke!
You hit the deep elf pyromancer.
The purple ugly thing is engulfed in blazing flames.
You slash the deep elf pyromancer!
The deep elf pyromancer is severely wounded.
You hit the purple ugly thing but do no damage.
The deep elf pyromancer hits you but does no damage.
The purple ugly thing tentacle-slaps you!
You barely miss the deep elf pyromancer.
The deep elf pyromancer is severely wounded.
You hit the purple ugly thing.
The deep elf pyromancer hits you but does no damage.
The purple ugly thing barely misses you.
You hit the deep elf pyromancer.
The deep elf pyromancer is severely wounded.
You hit the purple ugly thing.
The deep elf pyromancer hits you but does no damage.
A troll comes into view.
You slice the deep elf pyromancer!!
You kill the deep elf pyromancer!
Okawaru accepts your kill.
You slash the purple ugly thing!
The purple ugly thing tentacle-slaps you.
You slash the purple ugly thing!
You kill the purple ugly thing!
Okawaru accepts your kill.
The yak snorts and paws the ground.
You hit the yak.
The yak is lightly wounded.
An orc warrior comes into view. It is wielding a +2 mace of protection.
The yak closely misses you.
You slice the yak!!
The yak is heavily wounded.
You closely miss the yak.
The yak is heavily wounded.
A vampire comes into view.
The yak gores you!
You die...

#.......# .#
###%......#
.#
#..#####o.#
.# #..#
#..####.#
#..#
#.......####
#(##
#..T#.......
###
####).....###
##..)###.Y..#
#....# ##.@.#
###### ##)%#
##V.# ....#
.....#
......#
.....###
......#
e.#...#.


You could see a yak, a troll, a vampire and an orc warrior.

Vanquished Creatures
  2 two-headed ogres
  A boulder beetle (D:11)
  4 death yaks (D:11)
  2 deep elf pyromancers
  2 ugly things (D:12)
  3 cyclopes
  A gargoyle (D:12)
  A kobold demonologist (D:12)
  An unseen horror (D:12)
  3 hornets
  Grinder (D:3)
  Sigmund (D:4)
  2 wyverns
  Eustachio (D:4)
  A wraith (D:12)
  19 yaks
  A basilisk (D:11)
  2 vampires
  3 vampire mosquitoes (D:11)
  Edmund (D:4)
  2 steam dragons (D:8)
  3 orc warriors
  2 black bears
  A sky beast (D:5)
  A black bear (shapeshifter) (D:11)
  10 centaurs
  An ogre (D:7)
  3 phantoms
  4 kobold brigands
  3 bullfrogs
  A necrophage (D:5)
  A scorpion (D:5)
  10 wights
  4 killer bees (D:10)
  4 howler monkeys
  2 jellies (D:5)
  7 orc priests
  2 hounds (D:7)
  A gnoll bouda (D:5)
  3 iguanas
  Ijyb (D:3)
  5 orc wizards
  Robin (D:3)
  6 adders
  12 gnolls
  2 white imps
  2 ufetubi (D:7)
  2 dart slugs
  A worm (D:4)
  31 orcs
  4 bats
  2 bat zombies (D:10)
  5 endoplasms
  16 goblins
  10 hobgoblins
  4 jackals (D:1)
  3 quokkas
  3 ball pythons
  3 frilled lizards
  19 kobolds
  7 rats
  3 rat zombies (D:10)
259 creatures vanquished.

Vanquished Creatures (others)
  8 plants
8 creatures vanquished.

Grand Total: 267 creatures vanquished

Notes
Turn   | Place    | Note
-------+----------+-------------------------------------------
     0 | D:1      | qw the Gargoyle Fighter began the quest for the Orb.
     0 | D:1      | Reached XP level 1. HP: 14/14 MP: 1/1
     0 | D:1      | 0 ||| qw: Version: 0.2-a-12-gaebbb33
     0 | D:1      | 0 ||| qw: Game counter: 1263
     0 | D:1      | 0 ||| qw: Always use a shield: true
     0 | D:1      | 0 ||| qw: God list: Okawaru
     0 | D:1      | 0 ||| qw: Allow faded altars: false
     0 | D:1      | 0 ||| qw: Do Orc after D:15 true
     0 | D:1      | 0 ||| qw: Do second Lair branch before Depths: true
     0 | D:1      | 0 ||| qw: Lair rune preference: random
     0 | D:1      | 0 ||| qw: Plans: Normal, Zot:1-4, God:TSO, Crypt, Tomb,
                  | Pan, Slime:5, Hells, Abyss, Orb
     0 | D:1      | 0 ||| PLANNING D:1-11
    53 | D:1      | Reached skill level 2 in Axes
   184 | D:1      | Reached XP level 2. HP: 19/19 MP: 2/2
   305 | D:1      | Found a faded altar of an unknown god.
   475 | D:1      | 475 ||| Stepping ~*~*~tactically~*~*~ (stealth).
   486 | D:1      | HP: 4/19 [kobold/+3 dagger of venom (1)]
  1044 | D:1      | 1044 ||| DROPPING ring of magical power.
  1045 | D:1      | 1045 ||| READING 2 scrolls labelled AXENED TERI.
  1046 | D:1      | 1046 ||| READING scroll labelled MITYGO IP IMOU.
  1047 | D:1      | 1047 ||| DRINKING 2 blue potions.
  1048 | D:1      | 1048 ||| DRINKING 2 amethyst potions.
  1049 | D:1      | 1049 ||| DROPPING scroll of butterflies.
  1050 | D:1      | 1050 ||| DROPPING potion of flight.
  1068 | D:2      | 1068 ||| STAIRDANCE
  1075 | D:1      | Reached skill level 3 in Axes
  1075 | D:1      | Reached XP level 3. HP: 18/23 MP: 3/3
  1137 | D:2      | 1137 ||| STAIRDANCE
  1177 | D:1      | 1177 ||| DROPPING +0 mace.
  1191 | D:2      | 1191 ||| STAIRDANCE
  1407 | D:2      | 1407 ||| Stepping ~*~*~tactically~*~*~ (stealth).
  1408 | D:2      | 1408 ||| Stepping ~*~*~tactically~*~*~ (stealth).
  1411 | D:2      | 1411 ||| Stepping ~*~*~tactically~*~*~ (stealth).
  1416 | D:2      | Reached XP level 4. HP: 28/28 MP: 4/4
  1416 | D:2      | 1416 ||| Stepping ~*~*~tactically~*~*~ (stealth).
  1419 | D:2      | 1419 ||| Stepping ~*~*~tactically~*~*~ (stealth).
  1433 | D:2      | Reached skill level 4 in Axes
  1438 | D:2      | 1438 ||| Stepping ~*~*~tactically~*~*~ (stealth).
  1439 | D:2      | 1439 ||| Stepping ~*~*~tactically~*~*~ (stealth).
  1443 | D:2      | 1443 ||| Stepping ~*~*~tactically~*~*~ (stealth).
  1450 | D:2      | 1450 ||| FLEEEEING.
  1451 | D:2      | 1451 ||| FLEEEEING.
  1452 | D:2      | 1452 ||| FLEEEEING.
  1453 | D:2      | 1453 ||| FLEEEEING.
  1454 | D:2      | 1454 ||| STAIRDANCE
  1853 | D:2      | Reached XP level 5. HP: 29/32 MP: 5/5
  2025 | D:2      | 2025 ||| UPGRADING to +0 cloak.
  2030 | D:2      | 2030 ||| READING scroll labelled JEISEU WIYSILL.
  2031 | D:2      | 2031 ||| READING 2 scrolls labelled YSTROZ RODWU.
  2035 | D:2      | 2035 ||| DRINKING 2 silvery potions.
  2036 | D:2      | 2036 ||| DRINKING 2 fizzy green potions.
  2037 | D:2      | 2037 ||| DROPPING potion of degeneration.
  2378 | D:3      | 2378 ||| Stepping ~*~*~tactically~*~*~ (hiding).
  2385 | D:3      | Noticed Robin
  2396 | D:3      | Killed Robin
  2410 | D:3      | Reached skill level 5 in Axes
  2562 | D:3      | Noticed Grinder
  2566 | D:3      | Paralysed by Grinder for 5 turns
  2576 | D:3      | 2576 ||| Stepping ~*~*~tactically~*~*~ (hiding).
  2580 | D:3      | Paralysed by Grinder for 5 turns
  2598 | D:3      | 2598 ||| Stepping ~*~*~tactically~*~*~ (hiding).
  2602 | D:3      | Killed Grinder
  2603 | D:3      | Reached XP level 6. HP: 25/40 MP: 6/6
  2650 | D:3      | 2650 ||| Stepping ~*~*~tactically~*~*~ (stealth).
  2772 | D:3      | 2772 ||| Stepping ~*~*~tactically~*~*~ (stealth).
  2773 | D:3      | 2773 ||| Stepping ~*~*~tactically~*~*~ (stealth).
  2862 | D:3      | Found a runed translucent door.
  2863 | D:3      | Noticed Crazy Yiuf
  2910 | D:3      | Noticed Ijyb
  2931 | D:3      | Killed Ijyb
  3335 | D:3      | 3335 ||| UPGRADING to +0 chain mail.
  3345 | D:3      | 3345 ||| DROPPING +0 scale mail.
  3346 | D:3      | 3346 ||| UPGRADING to +0 helmet.
  3351 | D:3      | 3351 ||| READING scroll labelled JEUGOE VASEUL.
  3352 | D:3      | 3352 ||| READING scroll labelled VUYBLY DIOCOIDUBI.
  3353 | D:3      | 3353 ||| DRINKING 2 yellow potions.
  3376 | D:3      | 3376 ||| DRINKING 3 clear potions.
  3726 | D:4      | Noticed Eustachio
  3741 | D:4      | 3741 ||| Stepping ~*~*~tactically~*~*~ (hiding).
  3770 | D:4      | HP: 10/40 [river rat[Eustachio] (3)]
  3771 | D:4      | 3771 ||| READING scroll of teleportation.
  3773 | D:4      | Killed Eustachio
  3774 | D:4      | Reached skill level 6 in Axes
  3774 | D:4      | Reached XP level 7. HP: 11/44 MP: 7/7
  4067 | D:4      | Noticed Edmund
  4068 | D:4      | 4068 ||| DRINKING potion of cancellation.
  4270 | D:4      | Killed Edmund
  4462 | D:4      | 4462 ||| DROPPING +0 flail.
  4506 | D:4      | Noticed Sigmund
  4507 | D:4      | 4507 ||| Stepping ~*~*~tactically~*~*~ (hiding).
  4520 | D:4      | 4520 ||| DRINKING 3 potions of curing.
  4520 | D:4      | 4520 ||| (to cure confusion)
  4524 | D:4      | Killed Sigmund
  4525 | D:4      | Reached skill level 7 in Axes
  4824 | D:4      | 4824 ||| UPGRADING to +0 pair of boots.
  4829 | D:4      | 4829 ||| DRINKING 2 bubbling orange potions.
  4933 | D:4      | 4933 ||| DROPPING potion of berserk rage.
  4969 | D:5      | Entered Level 5 of the Dungeon
  4976 | D:5      | Reached skill level 1 in Dodging
  4976 | D:5      | Reached XP level 8. HP: 50/50 MP: 8/8
  4981 | D:5      | 4981 ||| Stepping ~*~*~tactically~*~*~ (stealth).
  4983 | D:5      | 4983 ||| Stepping ~*~*~tactically~*~*~ (stealth).
  5027 | D:5      | Found a white marble altar of Elyvilon.
  5182 | D:5      | 5182 ||| Stepping ~*~*~tactically~*~*~ (stealth).
  5185 | D:5      | Reached skill level 1 in Throwing
  5189 | D:5      | 5189 ||| Stepping ~*~*~tactically~*~*~ (stealth).
  5460 | D:5      | Reached skill level 8 in Axes
  5574 | D:5      | 5574 ||| Stepping ~*~*~tactically~*~*~ (stealth).
  5575 | D:5      | 5575 ||| Stepping ~*~*~tactically~*~*~ (stealth).
  5887 | D:5      | 5887 ||| UPGRADING to ring of willpower.
  5888 | D:5      | 5888 ||| READING scroll labelled UDAPTU REAS.
  5889 | D:5      | 5889 ||| DRINKING 2 fizzy white potions.
  5890 | D:5      | 5890 ||| DRINKING 2 coppery potions.
  5891 | D:5      | 5891 ||| READING 3 scrolls of identify.
  5891 | D:5      | 5891 ||| IDENTIFYING metallic orange potion
  5892 | D:5      | 5892 ||| DROPPING potion of invisibility.
  5893 | D:5      | 5893 ||| DROPPING potion of brilliance.
  6250 | D:6      | Reached skill level 6 in Fighting
  6266 | D:6      | Found a sparkling altar of Nemelex Xobeh.
  6461 | D:6      | Found a stormy altar of Qazlal.
  6461 | D:6      | Found a burning altar of Makhleb.
  6551 | D:6      | 6551 ||| UPGRADING to amulet of regeneration.
  6556 | D:6      | 6556 ||| READING scroll labelled ETIUSE IJOMM.
  6657 | D:6      | 6657 ||| READING 2 scrolls of identify.
  6657 | D:6      | 6657 ||| IDENTIFYING smoky golden potion
  6658 | D:6      | 6658 ||| DROPPING potion of ambrosia.
  6815 | D:7      | Reached XP level 9. HP: 55/55 MP: 9/9
  6839 | D:7      | 6839 ||| Stepping ~*~*~tactically~*~*~ (stealth).
  6845 | D:7      | Reached skill level 9 in Axes
  6929 | D:7      | Found a sacrificial altar of Ru.
  6983 | D:7      | 6983 ||| Stepping ~*~*~tactically~*~*~ (stealth).
  7095 | D:7      | Found a flagged portal.
  7199 | D:7      | Found a staircase to the Ecumenical Temple.
  7200 | D:7      | 7200 ||| PLANNING TEMPLE
  7233 | Temple   | Entered the Ecumenical Temple
  7253 | Temple   | 7253 ||| PLANNING OKAWARU WORSHIP
  7278 | Temple   | Became a worshipper of Warmaster Okawaru
  7279 | Temple   | 7279 ||| PLANNING D:1-11
  7697 | D:8      | 7697 ||| Stepping ~*~*~tactically~*~*~ (stealth).
  7699 | D:8      | 7699 ||| Stepping ~*~*~tactically~*~*~ (stealth).
  7701 | D:8      | 7701 ||| Stepping ~*~*~tactically~*~*~ (stealth).
  7707 | D:8      | 7707 ||| Stepping ~*~*~tactically~*~*~ (stealth).
  7719 | D:8      | 7719 ||| Stepping ~*~*~tactically~*~*~ (stealth).
  7762 | D:8      | 7762 ||| Stepping ~*~*~tactically~*~*~ (stealth).
  7770 | D:8      | 7770 ||| DROPPING +4 flail of protection.
  7841 | D:8      | 7841 ||| Stepping ~*~*~tactically~*~*~ (hiding).
  7843 | D:8      | 7843 ||| Stepping ~*~*~tactically~*~*~ (hiding).
  7981 | D:8      | HP: 12/57 [steam dragon/ball of steam (14)]
  7982 | D:8      | 7982 ||| READING 3 scrolls of teleportation.
  7996 | D:8      | Noticed a hornet
  7997 | D:8      | 7997 ||| Stepping ~*~*~tactically~*~*~ (stealth).
  7998 | D:8      | 7998 ||| Stepping ~*~*~tactically~*~*~ (stealth).
  8014 | D:8      | HP: 11/57 [hornet (6)]
  8015 | D:8      | 8015 ||| READING 2 scrolls of teleportation.
  8017 | D:8      | HP: 5/57 [hornet (9)]
  8090 | D:8      | HP: 14/57 [steam dragon (2)]
  8091 | D:8      | 8091 ||| READING scroll of teleportation.
  8094 | D:8      | Reached skill level 10 in Axes
  8196 | D:8      | 8196 ||| Stepping ~*~*~tactically~*~*~ (stealth).
  8210 | D:8      | Killed a hornet
  8210 | D:8      | Reached * piety under Okawaru
  8247 | D:8      | Found a runed translucent gate.
  8247 | D:8      | Found a runed translucent gate.
  8247 | D:8      | Found a runed translucent gate.
  8247 | D:8      | Noticed an 11-headed hydra
  8247 | D:8      | Noticed qw's ghost (novice GrFi)
  8272 | D:8      | 8272 ||| INVOKING Heroism.
  8282 | D:8      | Reached skill level 6 in Armour
  8285 | D:8      | 8285 ||| Stepping ~*~*~tactically~*~*~ (stealth).
  8293 | D:8      | 8293 ||| Stepping ~*~*~tactically~*~*~ (stealth).
  8640 | D:8      | 8640 ||| DROPPING amulet of the acrobat.
  8641 | D:8      | 8641 ||| READING scroll labelled RIGRACL WOING.
  8651 | D:9      | 8651 ||| INVOKING Heroism.
  8693 | D:9      | 8693 ||| INVOKING Heroism.
  8698 | D:9      | Reached skill level 1 in Invocations
  8766 | D:9      | 8766 ||| INVOKING Heroism.
  8770 | D:9      | Reached XP level 10. HP: 61/63 MP: 8/11
  8785 | D:9      | 8785 ||| INVOKING Heroism.
  8825 | D:9      | 8825 ||| INVOKING Heroism.
  8833 | D:9      | Reached skill level 3 in Invocations
  8842 | D:9      | Reached ** piety under Okawaru
  8845 | D:9      | HP: 14/64 [yak (11)]
  8846 | D:9      | 8846 ||| READING scroll of teleportation.
  8847 | D:9      | HP: 1/64 [yak (11)]
  8849 | D:9      | 8849 ||| INVOKING Heroism.
  8949 | D:9      | 8949 ||| INVOKING Heroism.
  8981 | D:9      | 8981 ||| Stepping ~*~*~tactically~*~*~ (stealth).
  8982 | D:9      | 8982 ||| Stepping ~*~*~tactically~*~*~ (stealth).
  9081 | D:9      | 9081 ||| INVOKING Heroism.
  9146 | D:9      | 9146 ||| Stepping ~*~*~tactically~*~*~ (stealth).
  9147 | D:9      | 9147 ||| Stepping ~*~*~tactically~*~*~ (stealth).
  9151 | D:9      | 9151 ||| Stepping ~*~*~tactically~*~*~ (stealth).
  9156 | D:9      | 9156 ||| INVOKING Heroism.
  9197 | D:9      | Reached skill level 11 in Axes
  9211 | D:9      | Noticed a two-headed ogre
  9212 | D:9      | 9212 ||| INVOKING Heroism.
  9220 | D:9      | Killed a two-headed ogre
  9220 | D:9      | Reached *** piety under Okawaru
  9221 | D:9      | Reached skill level 9 in Fighting
  9290 | D:9      | 9290 ||| Stepping ~*~*~tactically~*~*~ (stealth).
  9500 | D:9      | 9500 ||| Stepping ~*~*~tactically~*~*~ (stealth).
  9503 | D:9      | 9503 ||| Stepping ~*~*~tactically~*~*~ (hiding).
  9521 | D:9      | 9521 ||| INVOKING Heroism.
  9633 | D:9      | 9633 ||| READING scroll labelled KES GIPAPTEANA.
  9634 | D:9      | 9634 ||| READING scroll labelled SALAXUHAGH.
  9635 | D:9      | 9635 ||| READING scroll labelled PIFANG HAVEYS.
  9636 | D:9      | 9636 ||| READING 2 scrolls of identify.
  9636 | D:9      | 9636 ||| IDENTIFYING fizzy cyan potion
  9645 | D:10     | Entered Level 10 of the Dungeon
  9672 | D:10     | 9672 ||| INVOKING Heroism.
  9685 | D:10     | Reached XP level 11. HP: 56/71 MP: 12/14
  9715 | D:10     | 9715 ||| INVOKING Heroism.
  9829 | D:10     | Found a staircase to the Orcish Mines.
  9856 | D:10     | 9856 ||| Stepping ~*~*~tactically~*~*~ (hiding).
  9857 | D:10     | 9857 ||| INVOKING Heroism.
  9876 | D:10     | 9876 ||| SWAPPING to +4 war axe.
  9877 | D:10     | 9877 ||| DROPPING +0 vorpal war axe.
  9917 | D:10     | Found an ancient bone altar of Kikubaaqudgha.
 10026 | D:10     | 10026 ||| INVOKING Heroism.
 10032 | D:10     | 10032 ||| Stepping ~*~*~tactically~*~*~ (stealth).
 10064 | D:10     | Noticed a deep elf pyromancer
 10073 | D:10     | Killed a deep elf pyromancer
 10073 | D:10     | Reached **** piety under Okawaru
 10133 | D:10     | Found an opulent altar of Gozag.
 10148 | D:10     | Noticed a two-headed ogre
 10149 | D:10     | 10149 ||| INVOKING Heroism.
 10161 | D:10     | Killed a two-headed ogre
 10162 | D:10     | Reached skill level 12 in Axes
 10183 | D:10     | Found Yzipuz's CLEARANCE SALE!.
 10190 | D:10     | 10190 ||| BUYING scroll of enchant weapon (7 gold).
 10190 | D:10     | Bought a scroll of enchant weapon for 7 gold pieces
 10190 | D:10     | 10190 ||| READING 2 scrolls of enchant weapon.
 10190 | D:10     | 10190 ||| ENCHANTING +4 war axe.
 10191 | D:10     | 10191 ||| READING scroll of enchant weapon.
 10191 | D:10     | 10191 ||| ENCHANTING +5 war axe.
 10424 | D:10     | 10424 ||| UPGRADING to +0 plate armour.
 10434 | D:10     | 10434 ||| DROPPING +0 chain mail.
 10435 | D:10     | 10435 ||| UPGRADING to ring of protection from cold.
 10436 | D:10     | 10436 ||| UPGRADING to ring of see invisible.
 10438 | D:10     | 10438 ||| DRINKING 2 fuming dark potions.
 10469 | D:11     | 10469 ||| Stepping ~*~*~tactically~*~*~ (stealth).
 10506 | D:11     | Noticed a death yak
 10507 | D:11     | Noticed a death yak
 10507 | D:11     | 10507 ||| INVOKING Heroism.
 10507 | D:11     | Noticed a death yak
 10508 | D:11     | Noticed a death yak
 10513 | D:11     | Noticed a death yak
 10523 | D:11     | Killed a death yak
 10525 | D:11     | Killed a death yak
 10525 | D:11     | Reached ***** piety under Okawaru
 10526 | D:11     | Reached skill level 6 in Invocations
 10526 | D:11     | 10526 ||| INVOKING Finesse.
 10532 | D:11     | Killed a death yak
 10532 | D:11     | HP: 15/71 [death yak (4)]
 10533 | D:11     | 10533 ||| READING scroll of teleportation.
 10534 | D:11     | 10534 ||| DRINKING potion of heal wounds.
 10539 | D:11     | Killed a death yak
 10539 | D:11     | Received a gift from Okawaru
 10540 | D:11     | Reached skill level 9 in Armour
 10584 | D:11     | Noticed a boulder beetle
 10585 | D:11     | 10585 ||| INVOKING Heroism.
 10586 | D:11     | 10586 ||| INVOKING Finesse.
 10587 | D:11     | 10587 ||| INVOKING Finesse.
 10611 | D:11     | Killed a boulder beetle
 10653 | D:11     | 10653 ||| INVOKING Heroism.
 10657 | D:11     | Reached XP level 12. HP: 60/76 MP: 14/17
 10671 | D:11     | Reached skill level 6 in Shields
 10676 | D:11     | 10676 ||| INVOKING Heroism.
 10892 | D:11     | 10892 ||| FLEEEEING.
 10893 | D:11     | 10893 ||| FLEEEEING.
 10902 | D:11     | 10902 ||| STAIRDANCE
 11004 | D:12     | 11004 ||| Stepping ~*~*~tactically~*~*~ (hiding).
 11006 | D:12     | 11006 ||| INVOKING Heroism.
 11171 | D:12     | 11171 ||| Stepping ~*~*~tactically~*~*~ (hiding).
 11180 | D:12     | Reached skill level 9 in Invocations
 11182 | D:12     | 11182 ||| INVOKING Heroism.
 11187 | D:12     | HP: 12/77 [fire elemental[a deep elf pyromancer] (11)]
 11191 | D:12     | HP: 4/77 [purple ugly thing (10)]
 11194 | D:12     | HP: 1/77 [purple ugly thing (5)]
 11199 | D:12     | Slain by a yak

Levels and vault maps discovered:
D:1:      lemuel_arrival_muddy, layout_basic,
          shapermc_ecumenical_altar_rom_forum
D:2:      layout_rooms, chequers_serial_rivers_small_a, minmay_tetromino_s2
D:3:      layout_loops_corners, uniq_robin, uniq_grinder, uniq_ijyb,
          uniq_crazy_yiuf_cottage
D:4:      wander_river, layout_loops_ring, hangedman_decor_diamond_cutter,
          nicolae_zen_rock_garden, uniq_edmund, uniq_eustachio, uniq_sigmund
D:5:      layout_rooms, lemuel_doored_altar
D:6:      layout_basic, nemelex_diamond_rough_becter,
          gammafunk_temple_overflow_elements, chequers_serial_rivers_micro_d
D:7:      layout_basic, mainiacjoe_overflow_boulevard,
          minmay_temple_entry_overgrown, enter_bailey_3
D:8:      layout_basic, gammafunk_ghost_hydra_chop
D:9:      layout_loops_ring
D:10:     layout_irregular_city, mainiacjoe_overflow_six_doors_small,
          lemuel_zombie_altar_kikubaaqudgha, orc_0_dummy, nicolae_shop_clearance
D:11:     layout_basic, dpeg_lair_monsters, reono_crystal_passage
D:12:     minmay_inside_and_out, layout_loops_ring
Temple:   hellmonk_temple_of_storms

Skill      XL: |  1  2  3  4  5  6  7  8  9 10 11 12 |
---------------+-------------------------------------+-----
Axes           | 2 3 4 5 6 7 8 10 11 12 | 12.2
Fighting       | 5 6 7 9 10 | 10.0
Dodging        | 1 2 |  2.0
Armour         | 4 6 9 |  9.0
Throwing       | 1 |  1.0
Shields        | 4 5 6 |  6.0
Invocations    | 1 4 7 9 |  9.2

Action                   |  1- 3 |  4- 6 |  7- 9 | 10-12 || total
-------------------------+-------+-------+-------+-------++-------
Melee: War axe           |    72 |   203 |   370 |   387 ||  1032
Throw: Boomerang         |       |       |    72 |    59 ||   131
Invok: Heroism           |       |       |     4 |    19 ||    23
       Finesse           |       |       |       |     2 ||     2
  Use: Scroll            |     2 |     5 |     8 |     8 ||    23
       Potion            |     2 |     4 |     5 |     2 ||    13
Armor: Scale mail        |    43 |    90 |       |       ||   133
       Chain mail        |       |    46 |   257 |   109 ||   412
       Plate armour      |       |       |       |   149 ||   149
Dodge: Dodged            |    45 |   111 |   120 |   131 ||   407
Block: Buckler           |    15 |    26 |    71 |    81 ||   193

Table legend:
 A = Non-vault XP
 B = Vault XP
 C = Vault XP percentage of total XP
 D = Non-vault monster count
 E = Vault monster count
 F = Vault count percentage of total count
                 A         B        C        D         E       F
            +---------+---------+-------+---------+---------+-------
      Total |   18342 |    5705 |  23.7 |     221 |      38 |  14.7
            +---------+---------+-------+---------+---------+-------
        D:1 |      59 |       0 |   0.0 |      20 |       0 |   0.0
        D:2 |     108 |       3 |   2.7 |      19 |       2 |   9.5
        D:3 |      81 |     321 |  79.9 |      10 |      14 |  58.3
        D:4 |      16 |     600 |  97.4 |       7 |       3 |  30.0
        D:5 |     643 |       0 |   0.0 |      16 |       0 |   0.0
        D:6 |     313 |       0 |   0.0 |       6 |       0 |   0.0
        D:7 |    1071 |       8 |   0.7 |      24 |       4 |  14.3
        D:8 |    1178 |       0 |   0.0 |      24 |       0 |   0.0
        D:9 |    4319 |       0 |   0.0 |      40 |       0 |   0.0
       D:10 |    3849 |       7 |   0.2 |      26 |       5 |  16.1
       D:11 |    3989 |    3877 |  49.3 |      18 |       7 |  28.0
       D:12 |    2716 |     889 |  24.7 |      11 |       3 |  21.4
            +---------+---------+-------+---------+---------+-------
